 Dungeon Crawl Stone Soup version 0.19-a0-1341-g3513869 (webtiles) character file.

1346 Amnesiac the Cleaver (level 8, -13/66 HPs)
             Began as a Hill Orc Monk on Sept 1, 2016.
             Was a Believer of Kikubaaqudgha.
             Killed from afar by Pikel (24 damage)
             ... with a wand of lightning
             ... on level 6 of the Dungeon.
             The game lasted 00:11:01 (9367 turns).

Amnesiac the Cleaver (Hill Orc Monk)                Turns: 9367, Time: 00:11:02

Health: -13/66     AC:  8    Str: 13 (14) XL:     8   Next: 62%
Magic:  8/8        EV: 12    Int: 10      God:    Kikubaaqudgha [**....]
Gold:   215        SH:  0    Dex: 14 (15) Spells: 1 memorised, 5 levels left

rFire  . . .     SeeInvis .     b - +0 flail (crush)
rCold  . . .     Gourm    .     q - +3 leather armour
rNeg   . . .     Faith    .     f - +0 buckler
rPois  .         Spirit   .     h - +0 helmet
rElec  .         Dismiss  .     e - +0 cloak
rCorr  .         Reflect  .     (no gloves)
MR     .....     Harm     .     (no boots)
Stlth  +......... Rnd*Tele +    (no amulet)
                                (no ring)
                                d - ring of teleportation (curse)

@: confused
A: no striking features
a: Receive Corpses, Renounce Religion


You were on level 6 of the Dungeon.
You worshipped Kikubaaqudgha.
Kikubaaqudgha was pleased with you.
You were not hungry.

You visited 1 branch of the dungeon, and saw 6 of its levels.
You also visited: Sewer.

You collected 215 gold pieces.

Inventory:

Hand Weapons
 a - a +0 hand axe
 b - a +0 flail of crushing (weapon)
Missiles
 z - 3 throwing nets (quivered)
Armour
 e - a +0 cloak (worn)
 f - a +0 buckler (worn)
 h - a +0 helmet (worn)
 q - a +3 leather armour (worn)
Jewellery
 d - a cursed ring of teleportation (left hand)
 l - an uncursed amulet of dismissal
Wands
 m - a wand of slowing (25/48)
Scrolls
 g - 5 scrolls of identify
 r - a scroll of recharging {unknown}
 u - a scroll of enchant armour {unknown}
 y - a scroll of teleportation
Potions
 n - 2 potions of flight
 o - 2 potions of brilliance
 t - 3 potions of curing
Books
 k - Kikubaaqudgha's Compendium of Black Rites
   (Kikubaaqudgha gifted it to you on level 6 of the Dungeon)

   Spells                             Type                      Level
   a - Animate Skeleton               Necromancy                   1
   b - Corpse Rot                     Necromancy                   2
   c - Sublimation of Blood           Necromancy                   2
   d - Regeneration                   Charms/Necromancy            3
   e - Control Undead                 Necromancy                   4
Comestibles
 c - 5 bread rations
 j - 2 slices of pizza
 p - 5 fruits
 v - a meat ration


   Skills:
 - Level 4.0 Fighting
 - Level 12.3 Axes
 - Level 2.4 Dodging
 - Level 1.5 Stealth
 - Level 4.0 Shields
 + Level 0.4 Spellcasting
 + Level 0.6 Necromancy


You had 5 spell levels left.
You knew the following spells:

 Your Spells              Type           Power        Failure   Level  Hunger
d - Corpse Rot            Necr           N/A          63%         2    ###....


Dungeon Overview and Level Annotations

Branches:
Dungeon (6/15)
 Temple: D:4-7

Altars:
Dithmenos
Gozag
Kikubaaqudgha
Makhleb
Ru
Yredelemnul
The Shining One

Shops:
D:5 (

Annotations:
D:2 Sigmund
D:6 Pikel


Message History

Pikel says, "You strike me more as a bedroom slave."
Pikel zaps a wand.
The bolt of lightning misses you. The slave hits you.
* * * LOW HITPOINT WARNING * * *
It was a potion of ambrosia.
You are confused.
You feel invigorated. The slave hits you.
You bump into the rock wall.
The slave barely misses you.
A slave comes into view.
You sock Pikel!
Pikel is heavily wounded.
Pikel zaps a wand.
The bolt of lightning hits you!
* * * LOW HITPOINT WARNING * * *
The slave hits you.
* * * LOW HITPOINT WARNING * * *
The slave hits you.
* * * LOW HITPOINT WARNING * * *
You bump into the rock wall.
Pikel zaps a wand.
The bolt of lightning hits you!
You die...
Kikubaaqudgha rasps: "You have failed me!
Welcome... death!"

...# #.#.# ##.# ###.# #.# #.#
#[# #.# #.###########. #.#
#.#........... #########.#
#.......########## #.........#
####.##.#.......p###.#########
#.##.#......@Kp..p........
#.##.########p##...#######
#.##.# #........<..########
#.##.###.###.###..........#
#.##....................#.#
#.######.###.###.#.####.#
#.######.........#.# #
#.............####.#
############..# #.#


You could see Pikel and 4 slaves.

Vanquished Creatures
  A sky beast (D:6)
  An ogre (D:4)
  A phantom (D:5)
  A giant frog (D:6)
  A big kobold (Sewer)
  3 scorpions (D:4)
  A crimson imp (D:5)
  2 centaur zombies (D:5)
  An orc priest (D:4)
  A jelly (D:6)
  A hound (D:6)
  3 orc wizards
  3 worker ants
  2 iguanas
  2 hound skeletons
  9 adders
  12 gnolls
  A river rat (Sewer)
  2 oozes
  2 adder skeletons
  5 worms
  4 dart slugs
  6 giant geckos
  16 orcs
  9 giant cockroaches
  8 hobgoblins
  15 jackals
  3 quokkas
  3 ball pythons
  4 bats
  10 giant newts
  8 goblins
  13 kobolds
  13 rats
  A spectral orc (D:5)
168 creatures vanquished.

Notes
Turn   | Place    | Note
-------+----------+-------------------------------------------
     0 | D:1      | Amnesiac the Hill Orc Monk began the quest for the Orb.
     0 | D:1      | Reached XP level 1. HP: 19/19 MP: 1/1
   469 | D:1      | Reached XP level 2. HP: 26/27 MP: 2/2
  1020 | D:1      | Reached skill level 5 in Axes
  1204 | D:2      | Reached XP level 3. HP: 4/33 MP: 3/3
  1492 | D:2      | Found a shadowy altar of Dithmenos.
  1494 | D:2      | Found an opulent altar of Gozag.
  1793 | D:2      | Noticed Sigmund
  1865 | D:2      | Reached skill level 6 in Axes
  1865 | D:2      | Reached XP level 4. HP: 15/40 MP: 4/4
  2226 | D:2      | Reached skill level 1 in Shields
  2932 | D:3      | Found a burning altar of Makhleb.
  3091 | D:3      | Found a glowing drain.
  3095 | Sewer    | Entered a sewer
  3103 | Sewer    | Reached XP level 5. HP: 41/46 MP: 5/5
  3320 | Sewer    | Noticed a big kobold
  3338 | Sewer    | Killed a big kobold
  3490 | Sewer    | Found a white marble altar of Elyvilon.
  3911 | D:3      | Found a sacrificial altar of Ru.
  3962 | D:3      | Reached XP level 6. HP: 29/52 MP: 6/6
  4260 | D:3      | Reached skill level 7 in Axes
  4785 | D:4      | Reached skill level 8 in Axes
  4785 | D:4      | Reached XP level 7. HP: 59/59 MP: 7/7
  5077 | D:4      | Reached skill level 9 in Axes
  5573 | D:3      | HP: 4/88 [poisoned by a gnoll sergeant]
  6625 | D:4      | Reached skill level 10 in Axes
  7187 | D:5      | Entered Level 5 of the Dungeon
  7370 | D:5      | Reached XP level 8. HP: 16/66 MP: 8/8
  7624 | D:5      | Reached skill level 11 in Axes
  7770 | D:5      | Found a basalt altar of Yredelemnul.
  7802 | D:5      | Found Deqiru Cuclu's Weapon Emporium.
  8083 | D:5      | Found a glowing golden altar of the Shining One.
  8769 | D:6      | Reached skill level 12 in Axes
  9037 | D:6      | Found an ancient bone altar of Kikubaaqudgha.
  9044 | D:6      | Became a worshipper of Kikubaaqudgha
  9044 | D:6      | Reached * piety under Kikubaaqudgha
  9044 | D:6      | Identified Kikubaaqudgha's Compendium of Black Rites (Kikubaaqudgha gifted it to you on level 6 of the Dungeon)
  9044 | D:6      | Received a gift from Kikubaaqudgha
  9044 | D:6      | Reached ** piety under Kikubaaqudgha
  9263 | D:6      | Learned a level 2 spell: Corpse Rot
  9348 | D:6      | Noticed Pikel
  9367 | D:6      | Killed from afar by Pikel

Vault maps used:
D:1:      dpeg_arrival_chambers_temple_mockup
D:2:      nicolae_overflow_hidden_temple, uniq_sigmund
D:3:      nicolae_overflow_crystal_walls, nicolae_ru_the_path_less_chosen,
          gup_sewer_entry_bowl
D:4:      first_bread
D:5:      yredelemnul_forgotten_temple_becter, nicolae_tso_swordbearing_angel,
          serial_shops, shop
D:6:      kennysheep_mini, uniq_pikel
Sewer:    sewer_kobolds

Skill      XL: |  1  2  3  4  5  6  7  8 |
---------------+-------------------------+-----
Fighting       | 4 |  4.0
Axes           | 5 6 8 10 12 | 12.3
Shields        | 2 4 |  4.0
Dodging        | |  2.4
Stealth        | |  1.5
Spellcasting   | |  0.4
Necromancy     | |  0.6

Action                   |  1- 3 |  4- 6 |  7- 9 || total
-------------------------+-------+-------+-------++-------
Melee: Hand axe          |   137 |   176 |       ||   313
       Flail             |       |   102 |   371 ||   473
  Use: Scroll            |       |     4 |     3 ||     7
       Potion            |       |       |     9 ||     9
 Stab: Sleeping          |     4 |     1 |     2 ||     7
       Distracted        |       |     1 |       ||     1
  Eat: Chunk             |     3 |    10 |    16 ||    29
Armor: Robe              |    18 |       |       ||    18
       Ring mail         |    13 |    31 |       ||    44
       Leather armour    |       |    38 |   104 ||   142
Dodge: Dodged            |    90 |   126 |   234 ||   450
Block: Buckler           |     8 |    49 |    69 ||   126
